 Dungeon Crawl Stone Soup version 0.27.1-4-g1640c2035a (webtiles) character file.

Game seed: 11292767768142182446

128 zeram the Sneak (level 4, 0/21 HPs)
             Began as a Spriggan Enchanter on Nov 17, 2021.
             Slain by a wyvern skeleton (10 damage)
             ... on level 3 of the Dungeon.
             The game lasted 00:05:57 (3329 turns).

zeram the Sneak (Spriggan Enchanter)                Turns: 3329, Time: 00:05:58

Health: 0/21       AC:  6    Str:  4    XL:     4   Next: 87%
Magic:  4/9        EV: 18    Int: 17    God:
Gold:   107        SH:  0    Dex: 15    Spells: 7/9 levels left

rFire    . . .     SeeInvis +   a - +1 dagger
rCold    . . .     Faith    .   (shield restricted)
rNeg     . . .     Spirit   .   i - +2 robe {Archmagi}
rPois    .         Reflect  .   (helmet restricted)
rElec    .         Harm     .   l - +1 cloak
rCorr    .         Rampage  .   (gloves unavailable)
Will     .....     Archmagi +   (boots unavailable)
Stlth    +++.......             (no amulet)
HPRegen  0.07/turn              (no ring)
MPRegen  0.11/turn              (no ring)

@: very quick
A: very small, no large weapons, unfitting armour, see invisible, speed 3
a: no special abilities


You were on level 3 of the Dungeon.
You visited 1 branch of the dungeon, and saw 3 of its levels.

You collected 107 gold pieces.

Inventory:

Hand Weapons
 a - a +1 dagger (weapon)
Missiles
 h - a throwing net
Armour
 b - a +0 robe
 i - a +2 robe of the Archmagi (worn)
 l - a +1 cloak (worn)
Scrolls
 c - a scroll of fog
 d - a scroll of vulnerability
 e - a scroll of magic mapping {unknown}
 j - a scroll of identify
Potions
 f - 2 potions of resistance {unknown}
 g - a potion of curing {unknown}
 k - a potion of heal wounds {unknown}


   Skills:
 + Level 2.3 Short Blades
 + Level 3.8 Dodging
 + Level 6.2 Stealth
 + Level 3.2 Spellcasting
 + Level 4.3 Hexes


You had 7 spell levels left.
You knew the following spells:

 Your Spells              Type           Power      Damage    Failure   Level
b - Ensorcelled Hibernat  Hex/Ice        30%        N/A       11%         2

Your spell library contained the following spells:

 Spells                   Type           Power      Damage    Failure   Level
 Corona                   Hex            28%        N/A       3%          1
 Confusing Touch          Hex            26%        N/A       9%          3
 Tukima's Dance           Hex            26%        N/A       9%          3
 Beastly Appendage        Tmut           8%         N/A       17%         1
 Dazzling Flash           Conj/Hex       30%        N/A       22%         3


Dungeon Overview and Level Annotations

Branches:
Dungeon (3/15)

Altars:
Trog


Innate Abilities, Weirdness & Mutations

You are very small and have problems with some larger weapons.
You are too small for most types of armour.
You have supernaturally acute eyesight. (SInv)
You cover ground extremely quickly. (Speed+++)


Message History

The wyvern skeleton barely misses you. The wyvern skeleton misses you.
You hit the wyvern skeleton.
The wyvern skeleton is heavily damaged.
The wyvern skeleton closely misses you.
You hit the wyvern skeleton.
The wyvern skeleton is severely damaged.
The wyvern skeleton bites you.
You hit the wyvern skeleton.
The wyvern skeleton is severely damaged.
The wyvern skeleton bites you but does no damage.
You barely miss the wyvern skeleton.
The wyvern skeleton is severely damaged.
The wyvern skeleton closely misses you.
You barely miss the wyvern skeleton.
The wyvern skeleton is severely damaged.
The wyvern skeleton bites you but does no damage.
You hit the wyvern skeleton.
The wyvern skeleton is severely damaged.
The wyvern skeleton closely misses you.
You hit the wyvern skeleton.
The wyvern skeleton is almost destroyed.
The wyvern skeleton misses you.
You completely miss the dart slug. You hit the dart slug.
The dart slug is moderately wounded.
You hit the dart slug.
The dart slug is severely wounded.
The dart slug launches a dart at you. The slug dart hits you.
You completely miss the dart slug.
The dart slug is severely wounded.
You hit the dart slug.
You kill the dart slug!
You hit the wyvern skeleton.
The wyvern skeleton is almost destroyed.
The wyvern skeleton barely misses you. The wyvern skeleton misses you.
You hit the wyvern skeleton.
The wyvern skeleton is almost destroyed.
The wyvern skeleton bites you!
You die...

#.............................
..............................
......##.....#................
....................####..)...
.......Zw#####.......##.)....
.......#.# .## #.(........
.......#.#####.# ###........
......##..##...##.#####†.....
...... ##..Z@........).......
...........######.#######..##
............. #..#
.......#......# #..#
............# #..#
...#.#......# #..#
.##..######## #####..## ..
##........ #.........


You could see a wyvern skeleton.

Vanquished Creatures
  Crazy Yiuf (D:2)
  Jessica (D:2)
  3 adders
  A dart slug (D:3)
  6 ball pythons
  3 bats
  3 endoplasms
  A giant cockroach (D:1)
  7 goblins
  A hobgoblin (D:2)
  2 jackals (D:1)
  3 quokkas
  3 frilled lizards
  6 kobolds
  6 rats
47 creatures vanquished.

Vanquished Creatures (others)
  A plant (D:1)
1 creature vanquished.

Grand Total: 48 creatures vanquished

Notes
Turn   | Place    | Note
-------+----------+-------------------------------------------
     0 | D:1      | zeram the Spriggan Enchanter began the quest for the Orb.
     0 | D:1      | Reached XP level 1. HP: 9/9 MP: 5/5
    18 | D:1      | Found a faded altar of an unknown god.
    78 | D:1      | Got Plato's Almanac of Changing
   463 | D:1      | Reached XP level 2. HP: 10/13 MP: 6/6
   467 | D:1      | Learned a level 2 spell: Ensorcelled Hibernation
  1287 | D:2      | Reached skill level 5 in Stealth
  2143 | D:2      | Reached XP level 3. HP: 7/16 MP: 2/8
  2426 | D:2      | Found a bloodstained altar of Trog.
  2532 | D:2      | Noticed Jessica
  2539 | D:2      | Killed Jessica
  2745 | D:2      | Reached XP level 4. HP: 20/21 MP: 3/9
  2887 | D:2      | Found a runed translucent door.
  2888 | D:2      | Noticed Crazy Yiuf
  2895 | D:2      | Killed Crazy Yiuf
  2896 | D:2      | Reached skill level 6 in Stealth
  3329 | D:3      | Slain by a wyvern skeleton

Illustrated notes

Levels and vault maps discovered:
D:1:      ncdulo_watergridlock, layout_loops_ring,
          shapermc_ecumenical_altar_rom_forum, st_stairs_13,
          minmay_misc_feat_nine_boxes, minmay_parallelograms,
          minmay_misc_feat_rugged, columned_hall_lemuel
D:2:      kennysheep_big_flooded_room, layout_basic, basic_altar,
          uniq_crazy_yiuf_cottage, uniq_jessica
D:3:      layout_rooms

Skill      XL: |  1  2  3  4 |
---------------+-------------+-----
Hexes          | 4 |  4.3
Dodging        | 3 |  3.8
Stealth        | 5 6 |  6.2
Short Blades   | 2 |  2.3
Spellcasting   | 3 |  3.2

Action                   |  1- 3 |  4- 6 || total
-------------------------+-------+-------++-------
Melee: Dagger            |   165 |    61 ||   226
 Cast: Corona            |     1 |       ||     1
       Ensorcelled Hiber |     8 |    13 ||    21
  Use: Scroll            |     3 |       ||     3
 Stab: Sleeping          |    12 |     7 ||    19
       Distracted        |     1 |       ||     1
Armor: Robe              |    22 |    11 ||    33
Dodge: Dodged            |   129 |    48 ||   177
